 Dungeon Crawl Stone Soup version 0.17-a0-2227-g3b849ff (webtiles) character file.

14933 Geeful the Martial Artist (level 11, 0/87 HPs)
             Began as a Demonspawn Wanderer on Oct 26, 2015.
             Shot with a poisoned arrow by Nessos (21 damage)
             ... in a volcano on Oct 29, 2015.
             The game lasted 01:42:51 (21020 turns).

Geeful the Martial Artist (Demonspawn Wanderer)    Turns: 21020, Time: 01:42:51

Health: 0/87       AC: 16    Str: 14    XL:     11   Next: 95%
Magic:  14/14      EV: 24    Int:  9    God:
Gold:   477        SH:  0    Dex: 28    Spells: 0 memorised, 14 levels left

rFire  + . .     SeeInvis .     b - +0 blowgun
rCold  . . .     Clarity  .     L - +1 ring mail {rPois}
rNeg   . . .     SustAt   .     (no shield)
rPois  +         Gourm    +     (helmet restricted)
rElec  .         Spirit   .     q - +2 cloak
rCorr  .         Warding  .     I - +0 pair of gloves
rMut   .         Stasis   .     N - +0 pair of boots
MR     .....                    y - amulet of the gourmand
Stlth  +++.......               z - +2 ring of evasion
                                t - +4 ring of dexterity

@: agile, lethally poisoned (0 -> -5), not resistant to hostile enchantments,
fairly stealthy
A: antennae 1, molten scales 3, dopey 1, poison resistance, powered by pain 2,
strong 1
a: no special abilities


You were in a volcano.
You were very full.

You visited 3 branches of the dungeon, and saw 14 of its levels.
You also visited: Ossuary and Volcano.

You collected 672 gold pieces.
You spent 195 gold pieces at shops.

Inventory:

Hand Weapons
 b - a +0 blowgun (weapon)
Missiles
 d - 43 poisoned needles (quivered)
 k - 25 tomahawks
Armour
 m - a +0 leather armour
 q - a +2 cloak (worn)
 I - a +0 pair of gloves (worn)
 L - a +1 ring mail of poison resistance (worn)
 N - a +0 pair of boots (worn)
 O - the cursed +1 robe "Zigh" {rPois rN+ Regen+}
   (You found it on level 2 of the Lair of Beasts)

   It protects you from poison.
   It protects you from negative energy.
   It increases your rate of regeneration.
   It has a curse placed upon it.
Jewellery
 i - a +2 ring of strength
 j - an uncursed ring of protection from cold
 n - an uncursed ring of flight
 p - an uncursed ring of see invisible
 t - a +4 ring of dexterity (left hand)
 y - an amulet of the gourmand (around neck)
 z - a +2 ring of evasion (right hand)
 B - an uncursed ring of magical power
 D - an uncursed ring of protection from cold
Wands
 A - a wand of polymorph (3)
 H - a wand of disintegration (14)
 K - a wand of frost (21)
 M - a wand of heal wounds (2)
Scrolls
 a - 3 scrolls of identify
 e - 7 scrolls of fear
 h - 7 scrolls of teleportation
 r - 3 scrolls of remove curse
 s - a scroll of blinking
 v - a scroll of enchant weapon
 w - 2 scrolls of recharging
Potions
 f - 5 potions of curing
 u - 2 potions of flight
 C - a potion of brilliance
 F - 3 potions of might
Books
 l - a book of Necromancy

   Spells                             Type                      Level
   a - Pain                           Necromancy                   1
   b - Animate Skeleton               Necromancy                   1
   c - Vampiric Draining              Necromancy                   3
   d - Regeneration                   Charms/Necromancy            3
   e - Animate Dead                   Necromancy                   4
   f - Control Undead                 Necromancy                   4
 G - a book of Callings

   Spells                             Type                      Level
   a - Summon Small Mammal            Summoning                    1
   b - Call Imp                       Summoning                    2
   c - Call Canine Familiar           Summoning                    3
   d - Summon Guardian Golem          Hexes/Summoning              3
   e - Summon Lightning Spire         Summoning/Air                4
   f - Summon Ice Beast               Ice/Summoning                4
Comestibles
 g - 11 bread rations
 o - 3 fruits
 x - 13 royal jellies
 E - 6 meat rations


   Skills:
 + Level 8.5 Fighting
   Level 2.6 Polearms
 - Level 1.7 Throwing
 - Level 4.9 Armour
 + Level 7.6 Dodging
 - Level 1.0 Stealth
 * Level 12.9 Unarmed Combat
 - Level 2.0 Spellcasting
   Level 1.0 Transmutations


You had 14 spell levels left.
You didn't know any spells.

Dungeon Overview and Level Annotations

Branches:
Dungeon (10/15)            Temple (1/1) D:5            Lair (3/8) D:8
  Swamp: Lair:3-6    Shoals: Lair:3-6     Snake: Lair:3-6    Spider: Lair:3-6
    Orc: D:9-12

Altars:
Ashenzari
Cheibriados
Dithmenos
Elyvilon
Fedhas
Gozag
Kikubaaqudgha
Makhleb
Nemelex Xobeh
Okawaru
Qazlal
Ru
Sif Muna
Trog
Vehumet
Xom
Yredelemnul
Zin
The Shining One

Shops:
D:4 =(=}*   D:9 *

Annotations:
D:7 joseph, Joseph
D:8 tetracat's ghost, novice TrEE
D:10 Fannar
Lair:3 Harold Volcano Nessos


Innate Abilities, Weirdness & Mutations

You have a pair of small antennae on your head.
You are completely covered in molten scales (AC +4, EV -1, rF+).
You sometimes gain power by taking damage.
You are dopey. (Int -2)
Your system is resistant to poisons.
Your muscles are strong. (Str +2)


Message History

Press: ? - help, Shift-Dir - straight line, f - you, p - Nessos You feel much better.
This wand has 2 charges left.
Nessos shoots a poisoned arrow.
The poisoned arrow hits you!
* * * LOW HITPOINT WARNING * * *
The poisoned arrow burns you.
* * * LOW HITPOINT WARNING * * *
You are poisoned.
Nessos shoots a poisoned arrow.
The poisoned arrow misses you.
Evoke which item? (* to show all) (? for menu, Esc to quit)
Zapping:
H - a wand of disintegration (16)
Press: ? - help, Shift-Dir - straight line, f - Nessos
Aim: Nessos, wielding a longbow of flaming and wearing a centaur barding (heavily wounded, fast, poisoned, chance to defeat MR: 65%) Nessos struggles to resist.
This wand has 15 charges left.
You feel sick.
Evoke which item? (* to show all) (? for menu, Esc to quit)
Zapping:
H - a wand of disintegration (15)
Press: ? - help, Shift-Dir - straight line, f/p - Nessos
Aim: Nessos, wielding a longbow of flaming and wearing a centaur barding (heavily wounded, fast, poisoned, chance to defeat MR: 65%) Nessos is blasted.
This wand has 14 charges left.
You feel sick.
Nessos shoots a poisoned arrow.
The poisoned arrow hits you!!
You die...

≈≈≈§≈≈§..............
≈≈§§§§§.############# ≈≈§§§§§§#
+..(..+ §§≈§≈≈§.# .8_8. §≈§§§§§.#
c(). ≈≈≈≈§≈§.###++###c#
§≈≈≈≈≈≈.#......#)#
§§§§§§≈.######.#)# ≈§§≈≈§≈.# #@#
§§§§≈§§.# #.# ≈≈§§≈≈≈.# #.#
§≈§§≈≈≈.# #(#
≈≈≈≈≈§§§########+#######
≈≈≈≈≈≈≈§...§.§.§.........≈≈≈§≈
≈≈≈≈≈§§≈.≈≈≈§§≈§§≈≈≈≈≈≈≈≈≈§≈§§§§≈
≈§≈≈≈§≈≈≈≈≈§§§§§≈≈§≈§§≈§§≈§≈≈≈≈§≈
≈≈≈≈≈≈§≈≈≈§§§§§≈≈≈§≈§§≈§§≈≈≈≈≈≈§≈


You could see Nessos.

Vanquished Creatures
  A cyclops (D:6)
  2 spiny frogs
  4 komodo dragons
  A yaktaur (Volcano)
  2 two-headed ogres (D:9)
  A queen bee (Lair:1)
  Grinder (D:4)
  4 blink frogs (Lair:2)
  8 yaks (Lair:1)
  Sigmund (D:4)
  A deep elf fighter (D:8)
  A spriggan (D:8)
  6 wolves (Lair:1)
  3 hippogriffs
  4 hungry ghosts
  Menkaure (D:4)
  3 water moccasins
  5 porcupines
  2 orc warriors
  3 black bears
  2 ice beasts
  3 phantoms
  A wasp (D:8)
  A boggart (D:9)
  7 centaurs
  7 ogres
  5 crocodiles
  5 big kobolds
  Blork the orc (D:4)
  7 giant frogs
  A scorpion (D:6)
  A water moccasin skeleton (D:4)
  27 killer bees
  5 wights
  3 giant frog zombies
  3 lava snakes (Volcano)
  A gnoll shaman (D:4)
  2 centaur skeletons (D:8)
  6 crimson imps
  5 hounds
  Crazy Yiuf (D:2)
  A jelly (D:6)
  Natasha (twice) (D:3)
  8 iguanas
  3 orc priests
  12 orc wizards
  9 worker ants
  A sheep (D:9)
  A mummy (D:4)
  A worker ant zombie (D:4)
  7 gnolls (D:4)
  32 river rats
  4 shadow imps
  6 adders
  2 oozes
  2 adder zombies (D:8)
  An adder skeleton (D:5)
  3 worms
  10 giant geckos
  31 orcs
  2 ball pythons
  3 bat zombies (D:4)
  8 giant cockroaches
  2 hobgoblins
  15 jackals
  2 ball python skeletons (Ossuary)
  3 bats
  7 giant newts
  9 goblins
  A goblin zombie (D:4)
  A hobgoblin skeleton (Ossuary)
  4 hobgoblin zombies
  28 kobolds
  2 orc zombies (Ossuary)
  4 quokkas
  A quokka skeleton (D:8)
  9 rats
  A rat zombie (D:4)
  A plant (D:1)
387 creatures vanquished.

Vanquished Creatures (others)
  A centaur (Volcano)
  A fungus (Lair:2)
2 creatures vanquished.

Grand Total: 389 creatures vanquished

Notes
Turn   | Place    | Note
--------------------------------------------------------------
     0 | D:1      | Geeful the Demonspawn Wanderer began the quest for the Orb.
     0 | D:1      | Geeful set off with: a +2 dagger, a scroll of fear, a +0 spear, 14 poisoned needles, a +0 blowgun, a +0 robe, a bread ration
     0 | D:1      | Reached XP level 1. HP: 13/13 MP: 3/3
   229 | D:1      | Reached skill level 1 in Unarmed Combat
   719 | D:1      | Gained mutation: You have a pair of small antennae on your head. [demonic ancestry]
   719 | D:1      | Reached XP level 2. HP: 13/19 MP: 5/5
  1215 | D:1      | Gained mutation: You sometimes gain a little power by taking damage. [demonic ancestry]
  1215 | D:1      | Reached XP level 3. HP: 20/24 MP: 6/6
  2183 | D:2      | Found a glowing silver altar of Zin.
  2184 | D:2      | Noticed an angel
  2215 | D:2      | Noticed Crazy Yiuf
  2232 | D:2      | Killed Crazy Yiuf
  2232 | D:2      | Reached skill level 3 in Unarmed Combat
  2232 | D:2      | Gained mutation: You are partially covered in molten scales (AC +1). [demonic ancestry]
  2232 | D:2      | Reached XP level 4. HP: 30/30 MP: 7/7
  2580 | D:2      | Found a bloodstained altar of Trog.
  2581 | D:2      | Found a sparkling altar of Nemelex Xobeh.
  2695 | D:3      | Noticed Natasha
  2830 | D:3      | Killed Natasha
  2857 | D:3      | Reached skill level 4 in Unarmed Combat
  3003 | D:3      | Reached XP level 5. HP: 26/35 MP: 8/8
  4060 | D:3      | Found a blossoming altar of Fedhas.
  4061 | D:3      | Found a sacrificial altar of Ru.
  4063 | D:3      | Found a stormy altar of Qazlal.
  4177 | D:3      | Reached skill level 5 in Unarmed Combat
  4199 | D:4      | Found Ulyuff's General Store.
  4311 | D:4      | Found a sand-covered staircase.
  4540 | Ossuary  | Entered an ossuary
  4709 | Ossuary  | Gained mutation: You are mostly covered in molten scales (AC +3, EV -1). [demonic ancestry]
  4709 | Ossuary  | Reached XP level 6. HP: 36/41 MP: 9/9
  4815 | Ossuary  | Noticed a wraith
  4815 | Ossuary  | Noticed a flying skull
  4828 | Ossuary  | Noticed a flying skull
  4856 | Ossuary  | Noticed a flying skull
  4884 | Ossuary  | Noticed a flying skull
  5302 | D:4      | Reached skill level 6 in Unarmed Combat
  5396 | D:4      | Found an opulent altar of Gozag.
  5601 | D:4      | Noticed Grinder
  5618 | D:4      | Paralysed by Grinder for 4 turns
  5626 | D:4      | Killed Grinder
  5626 | D:4      | Reached skill level 7 in Unarmed Combat
  5626 | D:4      | Reached XP level 7. HP: 3/46 MP: 10/10
  6094 | D:4      | Noticed Sigmund
  6220 | D:3      | Noticed Natasha
  6228 | D:3      | Killed Natasha
  6311 | D:4      | Found Namenico's Gadget Shoppe.
  6311 | D:4      | Found Vosiugeuxi's Jewellery Boutique.
  6331 | D:4      | Bought an uncursed ring of see invisible for 195 gold pieces
  6374 | D:4      | Killed Sigmund
  6374 | D:4      | Reached skill level 8 in Unarmed Combat
  6505 | D:4      | Found Cerigudda's Antique Weapon Shop.
  6544 | D:4      | Reached XP level 8. HP: 52/52 MP: 11/11
  6565 | D:4      | Noticed Menkaure
  6579 | D:4      | Killed Menkaure
  6618 | D:4      | Noticed a phantom
  6722 | D:4      | Found Koschap's Jewellery Boutique.
  6724 | D:4      | Noticed Blork the orc
  6746 | D:4      | Killed Blork the orc
  6746 | D:4      | Reached skill level 9 in Unarmed Combat
  6865 | D:4      | Noticed an ogre
  6907 | D:4      | Killed an ogre
  7084 | D:4      | Noticed an ogre
  7137 | D:4      | Killed an ogre
  7137 | D:4      | Reached skill level 1 in Fighting
  7137 | D:4      | Reached skill level 1 in Armour
  7149 | D:4      | Killed a phantom
  7317 | D:4      | Found a shimmering altar of Xom.
  7400 | D:4      | Found an ancient bone altar of Kikubaaqudgha.
  7565 | D:5      | Entered Level 5 of the Dungeon
  7874 | D:5      | Found a staircase to the Ecumenical Temple.
  7880 | Temple   | Entered the Ecumenical Temple
  8170 | D:5      | Upgraded the game from 0.17-a0-2208-ge5ab1d3 to 0.17-a0-2227-g3b849ff
  8475 | D:5      | Found a shattered altar of Ashenzari.
  8491 | D:5      | Gained mutation: You sometimes gain power by taking damage. [demonic ancestry]
  8491 | D:5      | Reached XP level 9. HP: 58/62 MP: 12/12
  8891 | D:6      | Noticed a cyclops
  9179 | D:6      | Killed a cyclops
  9928 | D:6      | Reached skill level 10 in Unarmed Combat
 10341 | D:6      | Found a snail-covered altar of Cheibriados.
 10729 | D:7      | Reached skill level 5 in Fighting
 11234 | D:7      | Reached XP level 10. HP: 59/74 MP: 13/13
 11590 | D:7      | Noticed Joseph
 12336 | D:8      | Reached skill level 5 in Dodging
 12830 | D:8      | Noticed tetracat's ghost (novice TrEE)
 13207 | D:8      | Found a staircase to the Lair.
 13470 | Lair:1   | Entered Level 1 of the Lair of Beasts
 13857 | D:8      | Reached skill level 11 in Unarmed Combat
 14345 | D:9      | Found Buler's General Store.
 15552 | D:10     | Entered Level 10 of the Dungeon
 15593 | D:10     | Noticed Fannar
 15837 | D:8      | Gained mutation: You are completely covered in molten scales (AC +4, EV -1, rF+). [demonic ancestry]
 15837 | D:8      | Reached XP level 11. HP: 15/84 MP: 14/14
 16519 | Lair:1   | Gained mutation: Your muscles are strong. (Str +2) [potion of mutation]
 16519 | Lair:1   | Gained mutation: You are dopey. (Int -2) [potion of mutation]
 16519 | Lair:1   | Gained mutation: Your system is resistant to poisons. [potion of mutation]
 17112 | Lair:1   | Reached skill level 12 in Unarmed Combat
 20355 | Lair:2   | Got a dull robe
 20358 | Lair:2   | Identified the cursed +1 robe "Zigh" {rPois rN+ Regen+} (You found it on level 2 of the Lair of Beasts)
 20560 | Lair:3   | Noticed Harold
 20606 | Lair:3   | Found a dark tunnel.
 20613 | Volcano  | Entered a volcano
 20996 | Volcano  | Found a burning altar of Makhleb.
 20996 | Volcano  | Noticed Nessos
 21020 | Volcano  | Shot with a poisoned arrow by Nessos

Vault maps used:
D:1:      kilobyte_arrival_exit_the_forest, lexackson_kobold_supper
D:2:      zin_angel, gammafunk_temple_overflow_statue, uniq_crazy_yiuf_cottage
D:3:      gammafunk_temple_overflow_forgotten, first_bread, uniq_natasha
D:4:      kennysheep_mini_moat, lemuel_zombie_altar_kikubaaqudgha,
          marbit_many_paths, serial_shops, nicolae_shop_statue_plus,
          nicolae_shop_stone, nicolae_shop_statue_plus, shop, shop,
          nicolae_ossuary_entry_giza, uniq_blork_the_orc, uniq_sigmund,
          uniq_menkaure, uniq_grinder
D:5:      ashenzari_altar_1, minmay_temple_entry_enclosed_plants,
          kennysheep_potato
D:6:      minmay_opposing_rooms, cheibrodos_worm_habitat
D:7:      serial_glass, glass_columns_c, glass_columns_a, uniq_joseph
D:8:      forest_paths, the_bakery, guppyfry_early_elven_hall
D:9:      serial_shops, shop, minmay_fountain_box
D:10:     hangedman_decor_growths, uniq_fannar
Temple:   cyrus_temple_forest_13
Lair:1:   special_room, minivault_24, beast_lair_carwin_2
Lair:3:   enter_volcano_2, grunt_megastairs_4, uniq_harold
Ossuary:  ossuary_due_cavern
Volcano:  volcano_lake

Action                   |  1- 3 |  4- 6 |  7- 9 | 10-12 || total
-------------------------+-------+-------+-------+-------++-------
Melee: Unarmed           |   139 |   240 |   349 |   645 ||  1373
 Fire: Blowgun           |    10 |    38 |   100 |   229 ||   377
Throw: Tomahawk          |    20 |     4 |    36 |       ||    60
Evoke: Wand              |       |       |       |    18 ||    18
  Use: Potion            |       |     9 |     3 |     1 ||    13
       Scroll            |       |     2 |     6 |    14 ||    22
 Stab: Sleeping          |     2 |     7 |     2 |     6 ||    17
       Distracted        |       |       |     1 |     8 ||     9
  Eat: Chunk             |     4 |     9 |    28 |    42 ||    83
       Pizza             |       |     1 |       |       ||     1
       Meat ration       |       |       |       |     2 ||     2
       Bread ration      |       |       |       |     1 ||     1
       Beef jerky        |       |       |       |     1 ||     1
